 Dungeon Crawl Stone Soup version 0.28.0-47-ge53b351184 (webtiles) character file.

Game seed: 11231179310218843716

500 Iusername the Cudgeller (level 6, -5/53 HPs)
             Began as a Minotaur Fighter on Apr 28, 2022.
             Slain by a two-headed ogre
             ... wielding a +0 giant club
              (8 damage)
             ... on level 5 of the Dungeon.
             The game lasted 00:10:45 (4112 turns).

Iusername the Cudgeller (Minotaur Fighter)          Turns: 4112, Time: 00:10:45

Health: -5/53      AC:  9    Str: 20    XL:     6   Next: 94%
Magic:  1/1        EV:  9    Int: 13    God:
Gold:   625        SH:  4    Dex: 10    Spells: 5/5 levels left

rFire   . . .      SeeInvis .   o - +5 demon whip "Spellbinder" {antimagic, Will+}
rCold   . . .      Faith    .   c - +0 buckler
rNeg    . . .      Spirit   .   b - +0 scale mail
rPois   .          Reflect  .   (helmet restricted)
rElec   .          Harm     .   n - +0 cloak
rCorr   .          Rampage  .   k - +0 pair of gloves
Will    +....                   (no boots)
Stlth   ..........              (no amulet)
HPRegen 0.17/turn               i - +6 ring of intelligence
MPRegen 0.07/turn               p - +4 ring of slaying

@: no status effects
A: horns 2, retaliatory headbutt
a: no special abilities


You were on level 5 of the Dungeon.
You visited 1 branch of the dungeon, and saw 5 of its levels.

You collected 625 gold pieces.

Inventory:

Hand Weapons
 a - a +0 war axe
 d - a +4 quarterstaff of chaos
 h - a +2 flail of protection
 o - the +5 demon whip "Spellbinder" (weapon) {antimagic, Will+}
   (You found it on level 3 of the Dungeon)

   It reduces the magical energy of the wielder, and disrupts the spells and
   magical abilities of those it strikes.
   Natural abilities and divine invocations are not affected.
   It unleashes wild and unpredictable magical effects upon striking a wizard or
   a creature with magical abilities.
   Will:      It increases your willpower.
Armour
 b - a +0 scale mail (worn)
 c - a +0 buckler (worn)
 k - a +0 pair of gloves (worn)
 n - a +0 cloak (worn)
 r - the +1 ring mail of Tamaf {Harm Int+2}
   (You found it on level 4 of the Dungeon)

   Int:       It affects your intelligence (+2).
   Harm:      It increases damage dealt and taken.
Jewellery
 i - a +6 ring of intelligence (left hand)
 p - a +4 ring of slaying (right hand)
Wands
 q - a wand of polymorph (3) (quivered)
Scrolls
 f - a scroll of blinking {unknown}
 j - a scroll of magic mapping
 l - 4 scrolls of teleportation
 m - 2 scrolls of torment
 s - a scroll of immolation {unknown}
 u - a scroll of identify
Potions
 e - 5 potions of curing
 g - 2 potions of haste {unknown}
 t - 2 potions of ambrosia {unknown}


   Skills:
 + Level 4.7 Fighting
 + Level 3.6(5.2) Axes
 + Level 5.8(6.3) Maces & Flails
 + Level 5.4 Armour
 + Level 0.5 Dodging
 + Level 4.3 Shields


You had 5 spell levels left.
You didn't know any spells.
Your spell library contained the following spells:

 Spells                   Type           Power      Damage    Failure   Level
 Apportation              Tloc           0%         N/A       73%         1
 Dazzling Flash           Conj/Hex       0%         N/A       97%         3
 Iskenderun's Mystic Bla  Conj/Tloc      0%         2d3       100%        4
 Alistair's Intoxication  Tmut/Pois      0%         N/A       100%        5
 Fireball                 Conj/Fire      0%         3d3       100%        5
 Iskenderun's Battlesphe  Conj           0%         2d6       100%        5
 Conjure Ball Lightning   Conj/Air       0%         3x3d6     100%        6
 Starburst                Conj/Fire      0%         6d3       100%        6
 Orb of Destruction       Conj           0%         9d5       100%        7


Dungeon Overview and Level Annotations

Branches:
Dungeon (5/15)
 Temple: D:4-7

Altars:
Elyvilon
Fedhas
Qazlal
Zin


Innate Abilities, Weirdness & Mutations

You have a pair of horns on your head.
You reflexively headbutt those who attack you in melee.


Message History

You kill the troll!
A hound comes into view.
The quokka bites you.
* * * LOW HITPOINT WARNING * * *
Your base Maces & Flails skill increases to level 5!
Your Armour skill increases to level 5!
The hound barks!
You whack the quokka!
You kill the quokka!
A centaur zombie comes into view.
The killer bee zombie hits you but does no damage.
An ufetubus comes into view.
You miss the killer bee zombie. The killer bee zombie hits you.
* * * LOW HITPOINT WARNING * * *
A water moccasin comes into view.
The killer bee zombie hits you but does no damage.
A hound comes into view.
You miss the killer bee zombie.
The water moccasin hisses angrily.
The killer bee zombie hits you.
* * * LOW HITPOINT WARNING * * *
A centaur skeleton comes into view.
The orc closely misses you.
You hit the killer bee zombie.
The killer bee zombie is moderately damaged.
The killer bee zombie barely misses you.
You furiously retaliate!
You headbutt the killer bee zombie.
The killer bee zombie hits you but does no damage.
The orc misses you.
You barely miss the orc. You headbutt the orc!
You kill the orc!
The killer bee zombie barely misses you.
You furiously retaliate!
You headbutt the killer bee zombie. You block the orc's attack.
The killer bee zombie hits you but does no damage.
An orc comes into view. It is wielding a +0 dagger.
Found a yellow potion.
The orc shouts!
The two-headed ogre hits you with a +0 giant club!
You die...

#....## ##.## .##
......####..# #..# ..#
...##..##..## #..## ..#
#..###.....#####...#..##
##..####...............#
#..####....###...#...#.
##..##............./...
#..#..........Z.S.....
###.........####@h..$...
.#....#.....# #oOh.....
......##....##..Z.5Z....
..###..#.......#...#..o#
.## ##..........#?#...#!
.# #...####... #...#..
.# #...# ##.. . .. . ##
##...# .# .#... .#
##....#


You could see a two-headed ogre, a water moccasin, 2 hounds, 2 orcs, an
ufetubus, a killer bee zombie, a centaur zombie and a hound skeleton.

Vanquished Creatures
  A troll (D:5)
  Crazy Yiuf (D:3)
  A jelly (D:3)
  An iguana (D:3)
  Ijyb (D:4)
  Terence (D:2)
  An orc wizard (D:3)
  3 adders
  A gnoll (D:1)
  3 worms (D:2)
  2 dart slugs
  4 orcs
  6 ball pythons
  8 endoplasms
  3 giant cockroaches
  6 hobgoblins
  3 jackals (D:3)
  6 quokkas
  A ball python skeleton (D:3)
  6 bats
  3 frilled lizards
  2 goblins (D:2)
  6 kobolds
  7 rats
77 creatures vanquished.

Vanquished Creatures (others)
  3 fungi (D:3)
  A plant (D:3)
4 creatures vanquished.

Grand Total: 81 creatures vanquished

Notes
Turn   | Place    | Note
-------+----------+-------------------------------------------
     0 | D:1      | Iusername the Minotaur Fighter began the quest for the Orb.
     0 | D:1      | Reached XP level 1. HP: 19/19 MP: 0/0
    77 | D:1      | Reached XP level 2. HP: 24/27 MP: 1/1
   492 | D:1      | Reached XP level 3. HP: 28/33 MP: 2/2
   584 | D:2      | Noticed Terence
   590 | D:2      | Killed Terence
   916 | D:2      | Reached XP level 4. HP: 41/41 MP: 3/3
  1631 | D:2      | Reached skill level 1 in Maces & Flails
  1822 | D:3      | Found a faded altar of an unknown god.
  1898 | D:3      | Found a runed translucent door.
  1898 | D:3      | Found the +5 demon whip "Spellbinder" {antimagic, Will+}
  1899 | D:3      | Noticed Crazy Yiuf
  1906 | D:3      | Killed Crazy Yiuf
  1959 | D:3      | Found a glowing silver altar of Zin.
  1959 | D:3      | Noticed an angel
  2026 | D:3      | Found a transporter.
  2030 | D:3      | Found a transporter.
  2030 | D:3      | Found a blossoming altar of Fedhas.
  2109 | D:3      | Reached XP level 5. HP: 20/47 MP: 1/4
  2311 | D:3      | Found a white marble altar of Elyvilon.
  2505 | D:3      | Found a stormy altar of Qazlal.
  2670 | D:4      | Identified the +1 ring mail of Tamaf {Harm Int+2}
  2677 | D:4      | Identified a scroll of acquirement
  2678 | D:4      | Acquired 470 gold pieces
  2788 | D:4      | Noticed Ijyb
  2793 | D:4      | Killed Ijyb
  2903 | D:4      | Reached XP level 6. HP: 51/53 MP: 1/5
  3910 | D:5      | Entered Level 5 of the Dungeon
  4099 | D:5      | Noticed a troll
  4104 | D:5      | Noticed a two-headed ogre
  4106 | D:5      | Killed a troll
  4107 | D:5      | Reached skill level 5 in Maces & Flails
  4107 | D:5      | Reached skill level 5 in Armour
  4108 | D:5      | Noticed a water moccasin
  4112 | D:5      | Slain by a two-headed ogre

Illustrated notes

Levels and vault maps discovered:
D:1:      scummos_arrival_hexagon, layout_rooms, minmay_octomino_e4
D:2:      layout_basic, uniq_terence
D:3:      layout_basic, nicolae_qazlal_scattered_showers,
          gammafunk_temple_overflow_arena, zin_angel, elyvilon_altar_4,
          dreamdust_ecumenical_altar_grove, uniq_crazy_yiuf_cottage
D:4:      layout_layer_cave, grunt_ministairs_5, uniq_ijyb
D:5:      cheibrodos_fzero, layout_layer_cave, nicolae_ashenzari_skybound,
          uniq_edmund

Skill      XL: |  1  2  3  4  5  6 |
---------------+-------------------+-----
Fighting       | 4 |  4.7
Armour         | 4 5 |  5.4
Shields        | 4 |  4.3
Axes           | 3 |  3.6
Maces & Flails | 3 4 5 |  5.8
Dodging        | |  0.5

Action                   |  1- 3 |  4- 6 || total
-------------------------+-------+-------++-------
Melee: War axe           |    34 |       ||    34
       Headbutt          |     8 |    14 ||    22
       Flail             |     9 |    54 ||    63
       Demon whip        |       |    51 ||    51
  Use: Potion            |       |     1 ||     1
       Scroll            |       |     6 ||     6
Armor: Scale mail        |    19 |    50 ||    69
Dodge: Dodged            |    24 |    35 ||    59
Block: Buckler           |     8 |    22 ||    30
